 Dungeon Sprint DCSS version 0.27.1-2-g3b301248ec (webtiles) character file.

Game seed: 2284353901854016674

1008 HeadfulHorsecorpse the Basher (level 8, -6/96 HPs)
             Began as a Minotaur Fighter on Sept 28, 2021.
             Was a Follower of Trog.
             Killed by drain life
             ... invoked by a soul eater
             ... summoned by a kobold demonologist
              (17 damage)
             ... in the Dungeon (Sprint I: "Red Sonja").
             The game lasted 00:16:22 (918 turns).

HeadfulHorsecorpse the Basher (Minotaur Fighter)     Turns: 918, Time: 00:16:28

Health: -6/96      AC: 11    Str: 24    XL:     8   Next: 1%
Magic:  7/7        EV: 10    Int:  5    God:    Trog [*.....]
Gold:   412        SH: 12    Dex:  9    Spells: 7/7 levels left

rFire    . . .     SeeInvis .   a - +0 flail
rCold    . . .     Faith    .   c - +0 kite shield
rNeg     . . .     Spirit   .   e - +0 chain mail
rPois    .         Reflect  .   (helmet restricted)
rElec    .         Harm     .   (no cloak)
rCorr    .         Rampage  .   (no gloves)
Will     .....     NoTele   +   (no boots)
Stlth    ..........             (no amulet)
HPRegen  0.26/turn              (no ring)
MPRegen  0.10/turn              (no ring)

@: berserking, hasted, very quick
A: horns 2, retaliatory headbutt
a: Renounce Religion, Berserk


You were in the Dungeon.
You worshipped Trog.
Trog was aware of your devotion.
You visited 1 branch You collected 412 gold pieces.

Inventory:

Hand Weapons
 a - a +0 flail (weapon)
Armour
 b - a +0 scale mail
 c - a +0 kite shield (worn)
 e - a +0 chain mail (worn)
Wands
 l - a wand of digging (1)
Scrolls
 j - a scroll of blinking
Potions
 d - a potion of might
 h - 2 potions of magic


   Skills:
 - Level 3.6 Fighting
 * Level 13.0 Maces & Flails
 + Level 10.1 Armour
 + Level 8.5 Dodging
 + Level 10.1 Shields


You had 7 spell levels left.
You didn't know any spells.
Your spell library was empty.

Dungeon Overview and Level Annotations

Branches:
Dungeon (1/1)

Altars:
Cheibriados
Dithmenos
Elyvilon
Fedhas
Gozag
Hepliaklqana
Kikubaaqudgha
Makhleb
Nemelex Xobeh
Okawaru
Qazlal
Ru
Sif Muna
Trog
Uskayaw
Vehumet
Wu Jian
Xom
Yredelemnul
Zin
The Shining One
Jiyva
Lugonu

Shops:
D *


Innate Abilities, Weirdness & Mutations

You have a pair of horns on your head.
You reflexively headbutt those who attack you in melee.


Message History

The quasit claws you but does no damage. x2
You block the red devil's attack. The ufetubus hits you.
* * * LOW HITPOINT WARNING * * *
The ufetubus hits you but does no damage.
Okay, then.
Okay, then.
You thump the kobold demonologist!
You kill the kobold demonologist!
Trog accepts your kill.
Trog appreciates your killing of a magic user.
You can now go berserk at will.
The shadow imp disappears in a puff of smoke!
The red devil disappears in a puff of smoke!
The crimson imp disappears in a puff of smoke!
The quasit disappears in a puff of smoke!
The kobold demonologist hits you but does no damage.
You feel your dexterity returning.
Your Maces & Flails skill increases to level 13!
Your Armour skill increases to level 10!
Your Dodging skill increases to level 8!
Your Shields skill increases to level 10!
You have reached level 8!
You feel stronger.
You don't know any spells.
A red film seems to cover your vision as you go berserk!
You feel yourself moving faster!
You feel mighty! You block the ufetubus's attack. The ufetubus hits you.
* * * LOW HITPOINT WARNING * * *
Unknown command.
You miss the kobold demonologist.
The kobold demonologist is lightly wounded.
You block the ufetubus's attack. x2
You block the kobold demonologist's attack.
You bludgeon the kobold demonologist!!
Your headbutt misses the kobold demonologist.
The kobold demonologist is heavily wounded.
The ufetubus hits you but does no damage.
The ufetubus barely misses you.
The soul eater draws from the surrounding life force!
You die...

######################
..)..#..'..#__#§@K35.#
..#..').#..§^.'5)#35.#
####'#####'#__#### ..+
###..#...#.####)§ ##
__####..##.#§§≈§c
_____##'#_.+≈§§§
_.∩...§§.._#§≈§§c
_..__##_.#'##+##
_____###+#.#


You could see a soul eater (summoned), a kobold demonologist, a neqoxec
(summoned), a quasit (summoned) and 2 ufetubi.

Vanquished Creatures
  A kobold demonologist (D)
  A slime creature (D)
  Sigmund (D)
  A yak (D)
  A floating eye (D)
  An ogre (D)
  A jelly (D)
  Ijyb (D)
8 creatures vanquished.

Notes
Turn   | Place    | Note
-------+----------+-------------------------------------------
     0 | D        | HeadfulHorsecorpse the Minotaur Fighter began the quest for
                  | the Orb.
     0 | D        | Reached XP level 1. HP: 19/19 MP: 0/0
     1 | D        | Noticed Ijyb
    23 | D        | Killed Ijyb
    24 | D        | Reached skill level 4 in Maces & Flails
    24 | D        | Reached XP level 2. HP: 13/26 MP: 1/1
   193 | D        | Noticed an ogre
   196 | D        | Killed an ogre
   197 | D        | Reached skill level 7 in Maces & Flails
   197 | D        | Reached XP level 3. HP: 20/31 MP: 2/2
   197 | D        | Reached XP level 4. HP: 26/39 MP: 3/3
   307 | D        | Noticed Sigmund
   321 | D        | Killed Sigmund
   322 | D        | Reached skill level 9 in Maces & Flails
   322 | D        | Reached skill level 5 in Dodging
   322 | D        | Reached XP level 5. HP: 29/45 MP: 4/4
   436 | D        | Found an ornate altar of the Wu Jian Council.
   436 | D        | Found a shimmering blue altar of Sif Muna.
   438 | D        | Found a radiant altar of Vehumet.
   442 | D        | Reached XP level 6. HP: 46/51 MP: 5/5
   461 | D        | Found a viscous altar of Jiyva.
   461 | D        | Found a corrupted altar of Lugonu.
   461 | D        | Noticed a slime creature
   462 | D        | Found a burning altar of Makhleb.
   462 | D        | Found a shimmering altar of Xom.
   467 | D        | Killed a slime creature
   468 | D        | Reached skill level 11 in Maces & Flails
   608 | D        | Found Werar's Assorted Antiques.
   608 | D        | Found an ancient bone altar of Kikubaaqudgha.
   608 | D        | Found a hazy altar of Hepliaklqana.
   608 | D        | Found a stormy altar of Qazlal.
   608 | D        | Found a hide-covered altar of Uskayaw.
   608 | D        | Found a blossoming altar of Fedhas.
   608 | D        | Found a bloodstained altar of Trog.
   608 | D        | Found an iron altar of Okawaru.
   608 | D        | Found a basalt altar of Yredelemnul.
   608 | D        | Found a glowing golden altar of the Shining One.
   608 | D        | Found a snail-covered altar of Cheibriados.
   608 | D        | Found a sacrificial altar of Ru.
   608 | D        | Found a glowing silver altar of Zin.
   608 | D        | Found a shadowy altar of Dithmenos.
   608 | D        | Found a white marble altar of Elyvilon.
   608 | D        | Noticed a yak
   615 | D        | Killed a yak
   616 | D        | Reached XP level 7. HP: 33/57 MP: 6/6
   616 | D        | Found an opulent altar of Gozag.
   617 | D        | Found a sparkling altar of Nemelex Xobeh.
   741 | D        | Became a worshipper of Trog the Wrathful
   750 | D        | Noticed a centaur warrior
   864 | D        | Noticed a centaur warrior
   883 | D        | Noticed a kobold demonologist
   883 | D        | Noticed a kobold demonologist
   886 | D        | Paralysed by a floating eye for 2 turns
   889 | D        | Reached skill level 12 in Maces & Flails
   897 | D        | Noticed a red devil
   902 | D        | Noticed a neqoxec
   907 | D        | Noticed a soul eater
   915 | D        | Killed a kobold demonologist
   915 | D        | Reached * piety under Trog
   916 | D        | Reached skill level 13 in Maces & Flails
   916 | D        | Reached skill level 10 in Armour
   916 | D        | Reached skill level 10 in Shields
   916 | D        | Reached XP level 8. HP: 7/64 MP: 7/7
   918 | D        | Killed from afar by a soul eater

Illustrated notes

Levels and vault maps discovered:
D:        dungeon_sprint_1 [red_sonja_temple_1, red_sonja_temple_small_1]

Skill      XL: |  1  2  3  4  5  6  7 |
---------------+----------------------+-----
Maces & Flails | 4 7 9 11 13 | 13.0
Armour         | 4 6 7 9 10 | 10.1
Dodging        | 2 4 5 6 7 8 |  8.5
Shields        | 4 6 7 9 10 | 10.1
Fighting       | |  3.6

Action                   |  1- 3 |  4- 6 |  7- 9 || total
-------------------------+-------+-------+-------++-------
Melee: Flail             |    21 |    20 |    28 ||    69
       Headbutt          |     3 |     6 |     2 ||    11
Invok: Berserk           |       |       |     1 ||     1
  Use: Potion            |     1 |     1 |     3 ||     5
Armor: Scale mail        |     7 |       |       ||     7
       Chain mail        |       |     3 |    31 ||    34
Dodge: Dodged            |    10 |     1 |    18 ||    29
Block: Kite shield       |     4 |     5 |    35 ||    44
